 Dungeon Crawl Stone Soup version 0.30-a0-365-ge7f957f1db (webtiles) character file.

Game seed: 15097306895780261620

406 Redcow54321 the Grave Robber (level 6, 0/41 (45) HPs)
             Began as a Demigod Necromancer on Nov 17, 2022.
             Slain by a necrophage (6 damage)
             ... on level 5 of the Dungeon.
             The game lasted 00:23:58 (3230 turns).

Redcow54321 the Grave Robber (Demigod Necromancer)  Turns: 3230, Time: 00:23:59

HP:   0/41 (45)     AC:  4    Str:  9    XL:     6   Next: 30%
MP:   3/11          EV: 27    Int: 25    God:
Gold: 147           SH:  0    Dex: 14    Spells: 4/8 levels left

rFire   . . .      SeeInvis .    (no weapon)
rCold   . . .      Faith    .    (no shield)
rNeg    . . .      Spirit   .    a - +0 robe
rPois   .          Reflect  .    (no helmet)
rElec   .          Harm     .    q - +0 cloak
rCorr   .          Rampage  .    (no gloves)
Will    +....                    e - +0 pair of boots
Stlth   ++........               r - amulet of the acrobat
HPRegen 0.26/turn                s - ring of willpower
MPRegen 0.12/turn                (no ring)

@: acrobatic, drained
A: high MP 1, forlorn, divine attributes
a: no special abilities


You were on level 5 of the Dungeon.
You visited 1 branch of the dungeon, and saw 5 of its levels.

You collected 147 gold pieces.

Inventory:

Armour
 a - a +0 robe (worn)
 e - a +0 pair of boots (worn)
 q - a +0 cloak (worn)
Jewellery
 r - an amulet of the acrobat (around neck)
 s - a ring of willpower (left hand)
Scrolls
 d - 2 scrolls of magic mapping {unknown}
 f - a scroll of immolation {unknown}
 h - a scroll of summoning {unknown}
 i - 2 scrolls of noise {unknown}
 j - a scroll of butterflies {unknown}
 k - a scroll of enchant weapon {unknown}
 l - a scroll of identify {unknown}
 m - 3 scrolls of silence {unknown}
 p - 5 scrolls of teleportation {unknown}
 t - a scroll of vulnerability {unknown}
 u - a scroll of fear {unknown}
 w - a scroll of amnesia {unknown}
Potions
 b - 2 potions of magic
 c - 2 potions of curing
 g - a potion of brilliance {unknown}
 n - a potion of lignification {unknown}
 o - a potion of invisibility {unknown}
 v - a potion of heal wounds {unknown}


   Skills:
 - Level 1.7 Dodging
 - Level 1.7 Stealth
 - Level 1.7 Spellcasting
 + Level 7.3 Necromancy


You had 4 spell levels left.
You knew the following spells:

 Your Spells              Type           Power      Damage    Failure   Level
a - Necrotise             Necr           100%       1d9       1%          1
b - Vampiric Draining     Necr           38%        2d8       1%          3

Your spell library contained the following spells:

 Spells                   Type           Power      Damage    Failure   Level
 Animate Dead             Necr           38%        N/A       5%          4
 Dazzling Flash           Conj/Hex       4%         N/A       34%         3
 Vhi's Electric Charge    Tloc/Air       4%         N/A       34%         3
 Iskenderun's Mystic Bla  Conj/Tloc      2%         2d3       75%         4
 Agony                    Necr           38%        N/A       16%         5
 Arcjolt                  Conj/Air       1%         1d11      97%         5
 Starburst                Conj/Fire      1%         6d3       100%        6
 Maxwell's Capacitive Co  Air            1%         ∞         100%        8


Dungeon Overview and Level Annotations

Branches:
Dungeon (5/15)             Temple (0/1) D:4

Shops:
D:2 *

Annotations:
D:3 baller8008's ghost, amateur OpTm


Innate Abilities, Weirdness & Mutations

You have an increased reservoir of magic. (+10% MP)
You shall have no god before yourself.
Your divine heritage dramatically boosts your attributes as you level up.


Message History

An orc wizard appears from thin air!
Reactivating autopickup.
The phantom completely misses you. The necrophage misses you.
The necrophage attacks as you move away!
The necrophage completely misses you.
Your iguana skeleton bites the necrophage!
The phantom completely misses you.
Casting: Necrotise (safe; 1% risk of failure)
Confirm with . or Enter, or press ? or * to list all spells.
Aiming: Necrotise (safe; 1% risk of failure)
Press: ? - help, Shift-Dir - straight line, f - orc wizard
Aim: an orc wizard, wielding a +0 dagger and wearing a +0 robe (heavily wounded, chance to affect: 83%)
The orc wizard writhes in agony.
The phantom hits you.
* * * LOW HITPOINT WARNING * * *
The necrophage hits you but does no damage.
Your iguana skeleton barely misses the phantom.
You feel better. The necrophage barely misses you.
The phantom closely misses you. The orc wizard casts a spell at you.
The magic dart hits you.
Your iguana skeleton bites the phantom.
The necrophage attacks as you move away!
The necrophage hits you!
* * * LOW HITPOINT WARNING * * *
You feel drained. The orc wizard misses you.
The necrophage attacks as you move away!
The necrophage misses you. The orc wizard misses you. The phantom misses you.
The phantom attacks as you move away! The phantom closely misses you.
The necrophage attacks as you move away!
The necrophage barely misses you.
Your iguana skeleton misses the phantom.
The orc wizard hits you with a +0 dagger.
* * * LOW HITPOINT WARNING * * *
The necrophage attacks as you move away!
The necrophage closely misses you. The phantom hits your orc skeleton.
The orc wizard hits your orc skeleton with a +0 dagger.
Your iguana skeleton bites the orc wizard.
Your orc skeleton hits the phantom.
The necrophage attacks as you move away!
The necrophage hits you.
You die...

#...#########........
#..............#
#.............<#
#............!##
##.............#
#.................
#....WoZ.........#
###..nZ......#...#
##..@...#####..##.
##...#######.....
##..............
##.)............
#........#......
##.#....### ..###
###.###))## ## #..##
#.)# ###.# ####


You could see a necrophage (ally target), a phantom (ally target), an orc
wizard, a friendly iguana skeleton and a friendly orc skeleton.

Vanquished Creatures
  2 ogres (D:4)
  2 iguanas
  An orc wizard (D:4)
  Robin (D:3)
  3 adders
  A worm (D:2)
  A dart slug (D:3)
  7 orcs
  7 ball pythons
  8 bats
  9 endoplasms
  A giant cockroach (D:3)
  13 goblins
  9 hobgoblins
  12 jackals
  5 kobolds
  3 quokkas (D:2)
  A frilled lizard (D:2)
  7 rats
93 creatures vanquished.

Vanquished Creatures (collateral kills)
  An orc (D:4)
  2 ball pythons
  2 goblins
  2 rats
7 creatures vanquished.

Grand Total: 100 creatures vanquished

Notes
Turn   | Place    | Note
-------+----------+-------------------------------------------
     0 | D:1      | Redcow54321 the Demigod Necromancer began the quest for the
                  | Orb.
     0 | D:1      | Reached XP level 1. HP: 14/14 MP: 5/5
     3 | D:1      | Noticed a merfolk
     3 | D:1      | Noticed a demigod
     5 | D:1      | Noticed a felid
     5 | D:1      | Noticed a minotaur
     7 | D:1      | Noticed a spriggan
     7 | D:1      | Noticed a draconian
     9 | D:1      | Noticed a vine stalker
     9 | D:1      | Noticed a gargoyle
    11 | D:1      | Noticed a naga
    11 | D:1      | Noticed an elf
    13 | D:1      | Noticed a demonspawn
    13 | D:1      | Noticed a formicid
    15 | D:1      | Noticed a troll
    17 | D:1      | Noticed a tengu
    17 | D:1      | Noticed an ogre
    19 | D:1      | Noticed a vampire
    21 | D:1      | Noticed a ghoul
    21 | D:1      | Noticed a human
    23 | D:1      | Noticed a meteoran
    25 | D:1      | Noticed an armataur
    27 | D:1      | Noticed a human
    27 | D:1      | Noticed a tengu
    77 | D:1      | Reached skill level 4 in Necromancy
   178 | D:1      | Reached XP level 2. HP: 20/20 MP: 5/7
   795 | D:2      | Reached XP level 3. HP: 26/26 MP: 4/8
  1306 | D:2      | Found Sidghuf's General Store.
  1455 | D:2      | Reached skill level 5 in Necromancy
  1459 | D:2      | Learned a level 3 spell: Vampiric Draining
  1763 | D:3      | Reached XP level 4. HP: 33/33 MP: 7/9
  1888 | D:3      | Found a runed translucent door.
  1888 | D:3      | Noticed baller8008's ghost (amateur OpTm)
  2123 | D:3      | Noticed Robin
  2172 | D:3      | Killed Robin
  2626 | D:4      | Found a staircase to the Ecumenical Temple.
  2668 | D:4      | Reached skill level 6 in Necromancy
  2689 | D:4      | Reached XP level 5. HP: 38/38 MP: 8/10
  2966 | D:4      | Noticed an ogre
  2967 | D:4      | Noticed an ogre
  2982 | D:4      | Killed an ogre
  2998 | D:4      | Killed an ogre
  2999 | D:4      | Reached skill level 7 in Necromancy
  2999 | D:4      | Reached XP level 6. HP: 31/45 MP: 4/11
  3153 | D:5      | Entered Level 5 of the Dungeon
  3230 | D:5      | Slain by a necrophage

Illustrated notes

Levels and vault maps discovered:
D:1:      kb_arrival_jail, layout_basic, basic_ecumenical_altar
D:2:      layout_rooms, serial_shops, nicolae_lakefront_shop
D:3:      layout_rooms, nicolae_yredelemnul_corpse_copse,
          nicolae_overflow_hidden_temple, hellmonk_ghost_happy_afterlife,
          uniq_robin
D:4:      wander_river, layout_basic, gammafunk_temple_overflow_claw,
          minmay_temple_entry_tees
D:5:      layout_layer_cave, mainiacjoe_overflow_chevrons,
          corexii_leaking_fountain, minmay_misc_feat_columns,
          dreamdust_princess_corridor, nicolae_kite_square_tiling_tiny,
          kennysheep_crisscross

Skill      XL: |  1  2  3  4  5 |
---------------+----------------+-----
Necromancy     | 4 5 6 7 |  7.3
Dodging        | |  1.7
Stealth        | |  1.7
Spellcasting   | |  1.7

Action                   |  1- 3 |  4- 6 || total
-------------------------+-------+-------++-------
Melee: Unarmed           |    18 |    40 ||    58
 Cast: Necrotise         |    89 |    72 ||   161
       Vampiric Draining |     1 |     2 ||     3
  Use: Potion            |       |     4 ||     4
Armor: Robe              |    15 |    30 ||    45
Dodge: Dodged            |    20 |   203 ||   223

Table legend: (Time is in decaauts)
 A = Elapsed time spent in this place.
 B = Non-inter-level travel time spent in this place.
 C = Inter-level travel time spent in this place.
 D = Time resting spent in this place.
 E = Time spent auto-exploring this place.
 F = Levels seen in this place.
 G = Mean time per level.
                   A        B        C        D        E       F      G
               +--------+--------+--------+--------+--------+-----+--------+
         Total |   3228 |   3086 |    142 |    145 |   2015 |   5 |  645.6 |
       Dungeon |   3228 |   3086 |    142 |    145 |   2015 |   5 |  645.6 |
               +--------+--------+--------+--------+--------+-----+--------+

Top non-repeatable levels by time:
     D:2: 902 daAuts
     D:1: 772 daAuts
     D:4: 742 daAuts
     D:3: 735 daAuts
     D:5: 75 daAuts
